 Dungeon Crawl Stone Soup version 0.28-a0-1130-gc51a68064b (webtiles) character file.

Game seed: 2350221526608661215

3418 bande the Cleaver (level 10, -3/61 HPs)
             Began as a Gargoyle Fighter on Dec 12, 2021.
             Was a Believer of Okawaru.
             Slain by a two-headed ogre (13 damage)
             ... on level 8 of the Dungeon.
             The game lasted 00:12:31 (11925 turns).

bande the Cleaver (Gargoyle Fighter)               Turns: 11925, Time: 00:12:32

Health: -3/61      AC: 20    Str: 21    XL:     10   Next: 5%
Magic:  12/12      EV:  8    Int:  8    God:    Okawaru [**....]
Gold:   353        SH:  5    Dex: 13    Spells: 9/9 levels left

rFire   . . .      SeeInvis .   a - +1 war axe
rCold   . . .      Faith    .   c - +0 buckler
rNeg    + . .      Spirit   .   o - +0 chain mail
rPois   ∞          Reflect  .   p - +0 helmet
rElec   +          Harm     .   m - +0 cloak
rCorr   .          Rampage  .   (no gloves)
Will    .....                   (no boots)
Stlth   ..........              (no amulet)
HPRegen 0.20/turn               (no ring)
MPRegen 0.13/turn               (no ring)

@: no status effects
A: sickness immunity, AC +7, negative energy resistance 1, electricity
resistance, torment resistance 1, petrification resistance
a: Renounce Religion, Heroism


You were on level 8 of the Dungeon.
You worshipped Okawaru.
Okawaru was pleased with you.
You visited 2 branches of the dungeon, and saw 9 of its levels.

You collected 353 gold pieces.

Inventory:

Hand Weapons
 a - a +1 war axe (weapon)
 j - a +3 morningstar of freezing
Armour
 c - a +0 buckler (worn)
 m - a +0 cloak (worn)
 o - a +0 chain mail (worn)
 p - a +0 helmet (worn)
Jewellery
 b - a ring of wizardry
 n - a ring of magical power
Wands
 q - a wand of mindburst (42)
Potions
 d - a potion of might
 e - 2 potions of brilliance
 f - a potion of resistance {unknown}
 g - 2 potions of flight
 h - a potion of mutation {unknown}
 i - 2 potions of ambrosia {unknown}
 k - 2 potions of curing
 l - 2 potions of degeneration {unknown}
 r - a potion of lignification {unknown}
 s - a potion of haste {unknown}


   Skills:
 + Level 6.7 Fighting
 + Level 8.8 Axes
 + Level 7.8 Armour
 + Level 5.8 Shields
 * Level 3.3 Invocations
 * Level 1.7 Evocations


You had 9 spell levels left.
You didn't know any spells.
Your spell library contained the following spells:

 Spells                   Type           Power      Damage    Failure   Level
 Ensorcelled Hibernation  Hex/Ice        0%         N/A       99%         2
 Passwall                 Tmut/Erth      0%         N/A       99%         2
 Portal Projectile        Hex/Tloc       0%         N/A       100%        3
 Swiftness                Air            0%         N/A       100%        3
 Leda's Liquefaction      Hex/Erth       0%         N/A       100%        4
 Call Canine Familiar     Summ           Unusable   N/A       N/A         3
 Tukima's Dance           Hex            Unusable   N/A       N/A         3

Dungeon Overview and Level Annotations

Branches:
Dungeon (8/15)             Temple (1/1) D:6
   Lair: D:8-11

Altars:
Ashenzari
Elyvilon
Fedhas
Gozag
Hepliaklqana
Makhleb
Okawaru
Qazlal
Vehumet
Xom
Yredelemnul
Zin

Shops:
D:5 *

Annotations:
D:3 2 transporters, bande's ghost, amateur GrFi


Innate Abilities, Weirdness & Mutations

You are immune to sickness and miasma.
Your stone body is resilient. (AC +7)
You are immune to poison.
You resist negative energy. (rN+)
You are resistant to electric shocks. (rElec)
You are resistant to unholy torment.
You are immune to petrification.


Message History

No target in view!
Items here: ))))) [[[ ††††.
Okay, then.
A two-headed ogre comes into view.
It is wielding a +0 giant club and a +0 dire flail.
The two-headed ogre shouts in stereo!
A two-headed ogre is nearby!
You closely miss the two-headed ogre.
The two-headed ogre hits you with a +0 giant club!
The two-headed ogre hits you with a +0 dire flail!
You hit the two-headed ogre but do no damage.
The two-headed ogre hits you with a +0 giant club!
The two-headed ogre closely misses you.
You slash the two-headed ogre!
The two-headed ogre is lightly wounded.
You hit the two-headed ogre but do no damage.
The two-headed ogre is lightly wounded.
The two-headed ogre hits you with a +0 giant club.
The two-headed ogre barely misses you.
You slash the two-headed ogre!
The two-headed ogre is moderately wounded.
The two-headed ogre hits you but does no damage. x2
You barely miss the two-headed ogre.
The two-headed ogre is moderately wounded.
The two-headed ogre hits you with a +0 giant club!
The two-headed ogre hits you with a +0 dire flail!
* * * LOW HITPOINT WARNING * * *
You hit the two-headed ogre but do no damage.
The two-headed ogre is moderately wounded.
You block the two-headed ogre's attack.
The two-headed ogre hits you but does no damage.
You hit the two-headed ogre.
The two-headed ogre is moderately wounded.
The two-headed ogre barely misses you.
The two-headed ogre hits you but does no damage.
You hit the two-headed ogre.
The two-headed ogre is moderately wounded.
You hit the two-headed ogre but do no damage.
The two-headed ogre is moderately wounded.
The two-headed ogre hits you with a +0 giant club!
You die...

#.# ###.# #...#
#...# #...# #...#
# #...# ..#
#...########....#
###......@O.....'
##########....#
..^ #


You could see a two-headed ogre.

Vanquished Creatures
  Grinder (D:6)
  A wyvern (D:7)
  An orc warrior (D:7)
  A black bear (D:6)
  2 ice beasts (D:7)
  A sky beast (D:6)
  A necrophage (D:6)
  4 centaurs
  4 ogres
  2 phantoms (D:5)
  A kobold brigand (D:7)
  2 bullfrogs
  2 scorpions (D:5)
  A water moccasin zombie (D:5)
  9 wights
  A centaur zombie (D:7)
  8 hounds
  5 orc priests
  Crazy Yiuf (D:3)
  2 jellies
  A bullfrog skeleton (D:6)
  A centaur skeleton (D:5)
  Jessica (D:3)
  2 iguanas (D:4)
  3 orc wizards
  A gnoll (D:1)
  9 adders
  A shadow imp (D:6)
  A white imp (D:6)
  An ufetubus (D:5)
  A worm (D:3)
  5 dart slugs
  24 orcs
  7 endoplasms
  5 giant cockroaches
  4 goblins
  8 hobgoblins
  11 jackals
  7 quokkas
  13 ball pythons
  4 bats
  17 kobolds
  8 rats
185 creatures vanquished.

Vanquished Creatures (collateral kills)
  An iguana (D:6)
1 creature vanquished.

Vanquished Creatures (others)
  An orc wizard (D:8)
  8 plants
9 creatures vanquished.

Grand Total: 195 creatures vanquished

Notes
Turn   | Place    | Note
-------+----------+-------------------------------------------
     0 | D:1      | bande the Gargoyle Fighter began the quest for the Orb.
     0 | D:1      | Reached XP level 1. HP: 14/14 MP: 1/1
    94 | D:1      | Reached XP level 2. HP: 17/19 MP: 2/2
   312 | D:1      | Reached XP level 3. HP: 15/23 MP: 3/3
   451 | D:1      | Reached skill level 2 in Axes
  1145 | D:2      | Reached XP level 4. HP: 25/28 MP: 4/4
  1362 | D:2      | You fall into a shaft and drop 1 floor!
  2004 | D:2      | Reached skill level 3 in Axes
  2004 | D:2      | Reached XP level 5. HP: 23/33 MP: 5/5
  2284 | D:3      | Found a transporter.
  2443 | D:3      | Noticed Jessica
  2455 | D:3      | Killed Jessica
  2618 | D:3      | Found a runed translucent door.
  2619 | D:3      | Noticed Crazy Yiuf
  2632 | D:3      | Noticed a small abomination
  2661 | D:3      | Noticed a small abomination
  2663 | D:3      | Noticed bande's ghost (amateur GrFi)
  2833 | D:3      | Reached XP level 6. HP: 34/38 MP: 6/6
  3024 | D:3      | Found a stormy altar of Qazlal.
  3207 | D:3      | Found a transporter.
  3313 | D:3      | Killed Crazy Yiuf
  3314 | D:3      | Reached skill level 4 in Axes
  4399 | D:4      | Reached XP level 7. HP: 26/44 MP: 7/7
  5461 | D:4      | Reached skill level 5 in Armour
  5467 | D:4      | Reached skill level 5 in Axes
  5840 | D:5      | Entered Level 5 of the Dungeon
  6084 | D:5      | Reached skill level 5 in Fighting
  6254 | D:5      | Reached XP level 8. HP: 26/49 MP: 8/8
  6655 | D:5      | Found Leeryvem's Gadget Gallery.
  6686 | D:5      | Reached skill level 6 in Axes
  7381 | D:5      | Found a hazy altar of Hepliaklqana.
  7884 | D:6      | Noticed Grinder
  7888 | D:6      | Killed Grinder
  7889 | D:6      | Reached skill level 5 in Shields
  7938 | D:6      | Reached skill level 7 in Axes
  8253 | D:6      | Reached XP level 9. HP: 42/55 MP: 9/9
  8542 | D:6      | Found a staircase to the Ecumenical Temple.
  8556 | Temple   | Entered the Ecumenical Temple
  8571 | Temple   | Became a worshipper of Warmaster Okawaru
  8736 | D:6      | Found a glowing silver altar of Zin.
  9006 | D:6      | Reached skill level 1 in Invocations
  9325 | D:7      | Reached skill level 8 in Axes
  9329 | D:7      | Reached * piety under Okawaru
  9705 | D:7      | Found a burning altar of Makhleb.
 10002 | D:7      | Found a radiant altar of Vehumet.
 10167 | D:7      | Found a shimmering altar of Xom.
 10181 | D:7      | Reached skill level 1 in Evocations
 11441 | D:8      | Reached ** piety under Okawaru
 11442 | D:8      | Reached XP level 10. HP: 29/61 MP: 12/12
 11912 | D:8      | Noticed a two-headed ogre
 11925 | D:8      | Slain by a two-headed ogre

Illustrated notes

Levels and vault maps discovered:
D:1:      dpeg_arrival_round_a, layout_basic, minmay_3d_cube
D:2:      layout_loops_ring
D:3:      layout_loops_ring, mainiacjoe_overflow_surrounded_room,
          gammafunk_ghost_abyssal_escape, minmay_strange_pillars,
          minmay_misc_feat_cross, kennysheep_generic_room_9, uniq_jessica,
          uniq_crazy_yiuf_cottage
D:4:      layout_basic, serial_bayou_lagoon_a
D:5:      layout_cave_pods, nzn_hepliaklqana_mist_gate, nicolae_shop_gadgets
D:6:      layout_basic, zin_treasury, minmay_temple_entry_slanted,
          portal_sewer_entry_f, minmay_misc_feat_ornament, uniq_grinder
D:7:      layout_cave_pods, mainiacjoe_overflow_brackets, fiery_altar_vehumet,
          xom_teletrap_fun, enter_bailey_2, mrwooster_statue_mirror,
          serial_bayou_crossing
D:8:      layout_basic
Temple:   compressed_dpeg_triangle_lava_temple

Skill      XL: |  1  2  3  4  5  6  7  8  9 |
---------------+----------------------------+-----
Shields        | 4 5 |  5.8
Axes           | 2 3 4 5 7 8 |  8.8
Fighting       | 4 5 6 |  6.7
Armour         | 4 5 6 7 |  7.8
Invocations    | 3 |  3.3
Evocations     | 1 |  1.7

Action                   |  1- 3 |  4- 6 |  7- 9 | 10-12 || total
-------------------------+-------+-------+-------+-------++-------
Melee: War axe           |    73 |   220 |   441 |    50 ||   784
  Use: Scroll            |     2 |     7 |     5 |       ||    14
Armor: Scale mail        |    40 |   138 |   181 |       ||   359
       Chain mail        |       |       |    88 |    19 ||   107
Dodge: Dodged            |    36 |   113 |   170 |    11 ||   330
Block: Buckler           |    17 |    48 |   109 |     6 ||   180

Table legend: (Time is in decaauts)
 A = Elapsed time spent in this place.
 B = Non-inter-level travel time spent in this place.
 C = Inter-level travel time spent in this place.
 D = Time resting spent in this place.
 E = Time spent auto-exploring this place.
 F = Levels seen in this place.
 G = Mean time per level.
                   A        B        C        D        E       F      G
               +--------+--------+--------+--------+--------+-----+--------+
         Total |  12113 |  11945 |    168 |   2680 |   7446 |   9 | 1345.9 |
       Dungeon |  12086 |  11918 |    168 |   2680 |   7446 |   8 | 1510.8 |
        Temple |     27 |     27 |      0 |      0 |      0 |   1 |   27.0 |
               +--------+--------+--------+--------+--------+-----+--------+

Top non-repeatable levels by time:
     D:4: 2452 daAuts
     D:6: 1886 daAuts
     D:7: 1740 daAuts
     D:5: 1597 daAuts
     D:3: 1383 daAuts
     D:1: 1116 daAuts
     D:2: 1007 daAuts
     D:8: 901 daAuts
  Temple: 27 daAuts
